 Dungeon Crawl Stone Soup version 0.25-a0-425-g0e000e855e (webtiles) character file.

Game seed: 7158667133324220663, levelgen mode: deterministic

96 ReteAZ the Distorting Demonspawn (level 4, 0/35 HPs)
             Began as a Demonspawn Abyssal Knight on Jan 24, 2020.
             Was a Believer of Lugonu.
             Slain by a goblin (3 damage)
             ... led by Robin
             ... on level 2 of the Dungeon.
             The game lasted 00:01:40 (1474 turns).

ReteAZ the Distorting Demonspawn (DsAK)             Turns: 1474, Time: 00:01:40

Health: 0/35       AC:  6    Str: 13    XL:     4   Next: 41%
Magic:  7/7        EV:  9    Int: 13    God:    Lugonu [**....]
Gold:   165        SH:  0    Dex: 13    Spells: 3/3 levels left

rFire    . . .     SeeInvis .   h - +0 short sword (drain)
rCold    . . .     Gourm    .   (no shield)
rNeg     . . .     Faith    .   e - +0 scale mail
rPois    .         Spirit   .   (helmet restricted)
rElec    .         Reflect  .   (no cloak)
rCorr    .         Harm     .   (no gloves)
MR       .....                  (no boots)
Stlth    ..........             (no amulet)
HPRegen  0.11/turn              (no ring)
MPRegen  0.10/turn              (no ring)

@: no status effects
A: hooves 1, horns 1
a: Depart the Abyss, Bend Space, Renounce Religion


You were on level 2 of the Dungeon.
You worshipped Lugonu.
Lugonu was pleased with you.
You were not hungry.

You visited 1 branch of the dungeon, and saw 2 of its levels.
You visited the Abyss 1 time.

You collected 165 gold pieces.

Inventory:

Hand Weapons
 a - a +1 mace
 h - a +0 short sword of draining (weapon)
Armour
 b - a +0 leather armour
 e - a +0 scale mail (worn)
Scrolls
 d - a scroll of identify {unknown}
 f - 2 scrolls of remove curse {unknown}
 i - a scroll of amnesia {unknown}
 j - a scroll of enchant armour {unknown}
 l - a scroll of immolation {unknown}
 n - a scroll of fear {unknown}
Potions
 k - a potion of agility {unknown}
 m - 2 potions of brilliance {unknown}
Comestibles
 c - 5 rations
 g - a chunk of flesh


   Skills:
 - Level 3.0 Fighting
 + Level 3.2 Maces & Flails
 - Level 1.7 Armour
 - Level 0.8 Dodging
 + Level 4.6 Invocations


You had 3 spell levels left.
You didn't know any spells.
Your spell library was empty.

Dungeon Overview and Level Annotations

Branches:
Dungeon (2/15)

Altars:


Innate Abilities, Weirdness & Mutations

You have large cloven feet.
You have a pair of small horns on your head.


Message History

Robin is almost dead.
The goblin hits you but does no damage. The goblin hits you.
The goblin hits you but does no damage.
You hit Robin.
You kill Robin!
Lugonu accepts your kill. The goblin hits you. The goblin barely misses you. x2
You barely miss the goblin.
The goblin no longer looks unusually strong.
The goblin hits you.
* * * LOW HITPOINT WARNING * * *
The goblin hits you with a +0 dagger.
* * * LOW HITPOINT WARNING * * *
The goblin hits you.
* * * LOW HITPOINT WARNING * * *
The goblin hits you but does no damage.
You hit the goblin. Your kick misses the goblin.
The goblin is moderately wounded.
The goblin hits you.
You die...

#.# ##.##.# ## #...#.#
... ###...#.#
...#####.......#
##.............#
##..#####.......#
#...>...........#
########g#.............#
......g@g..####.........
##.#####g$......#####.##
#...###### #.#
.#####..)# #.#
.......).# #.#
#######..##########.#
#...........).....#
#.###.############# #.#
#.#


You could see 4 goblins.

Vanquished Creatures
  Jessica (D:2)
  Robin (D:2)
  An adder (D:2)
  An ooze (D:2)
  2 leopard geckos
  2 bats (D:1)
  3 giant cockroaches
  7 goblins
  6 hobgoblins
  9 jackals
  2 frilled lizards (D:2)
  A kobold (D:2)
  3 rats (D:1)
39 creatures vanquished.

Notes
Turn   | Place    | Note
-------+----------+-------------------------------------------
     0 | Abyss:1  | ReteAZ the Demonspawn Abyssal Knight began the quest for
                  | the Orb.
     0 | Abyss:1  | Reached XP level 1. HP: 18/18 MP: 2/2
    79 | Abyss:1  | Noticed a starcursed mass
    81 | Abyss:1  | Noticed a small abomination
    82 | D:1      | Escaped the Abyss
   460 | D:1      | Reached * piety under Lugonu
   461 | D:1      | Reached skill level 3 in Invocations
   461 | D:1      | Gained mutation: You have a pair of small horns on your
                  | head. [demonic ancestry]
   461 | D:1      | Reached XP level 2. HP: 22/24 MP: 2/4
  1029 | D:2      | Noticed Jessica
  1034 | D:2      | Killed Jessica
  1034 | D:2      | Reached skill level 4 in Invocations
  1034 | D:2      | Gained mutation: You have large cloven feet. [demonic
                  | ancestry]
  1034 | D:2      | Reached XP level 3. HP: 29/29 MP: 4/6
  1122 | D:2      | Reached XP level 4. HP: 14/35 MP: 7/7
  1452 | D:2      | Noticed Robin
  1456 | D:2      | Reached ** piety under Lugonu
  1472 | D:2      | Killed Robin
  1474 | D:2      | Slain by a goblin

Levels and vault maps discovered:
D:1:      minmay_arrival_open_corners, layout_basic, serial_curves,
          eino_curves_04, eino_curves_03
D:2:      layout_loops_ring, lemuel_round_altar, uniq_terence, uniq_jessica,
          uniq_robin

Skill      XL: |  1  2  3 |
---------------+----------+-----
Maces & Flails | 2 3 |  3.2
Invocations    | 3 4 |  4.6
Fighting       | |  3.0
Armour         | |  1.7
Dodging        | |  0.8

Action                   |  1- 3 |  4- 6 || total
-------------------------+-------+-------++-------
Melee: Short sword       |    73 |    28 ||   101
       Mace              |     8 |       ||     8
       Headbutt          |     7 |     3 ||    10
       Kick              |     3 |     2 ||     5
Invok: Depart the Abyss  |     1 |       ||     1
  Eat: Chunk             |     1 |     1 ||     2
Armor: Scale mail        |    28 |    15 ||    43
       Leather armour    |     2 |       ||     2
Dodge: Dodged            |    43 |    14 ||    57

Table legend:
 A = Non-vault XP
 B = Vault XP
 C = Vault XP percentage of total XP
 D = Non-vault monster count
 E = Vault monster count
 F = Vault count percentage of total count
                 A         B        C        D         E       F
            +---------+---------+-------+---------+---------+-------
      Total |      74 |      64 |  46.4 |      31 |       8 |  20.5
            +---------+---------+-------+---------+---------+-------
        D:1 |      36 |       0 |   0.0 |      19 |       0 |   0.0
        D:2 |      38 |      64 |  62.7 |      12 |       8 |  40.0
            +---------+---------+-------+---------+---------+-------
